 Dungeon Crawl Stone Soup version 0.27-a0-362-g8331d791d5 (webtiles) character file.

Game seed: 9349066887561248787

4266 Chiseanne the Fighter (level 10, -11/82 HPs)
             Began as a Demonspawn Wanderer on Feb 16, 2021.
             Was an Initiate of Gozag.
             Mangled by a komodo dragon (26 damage)
             ... on level 8 of the Dungeon.
             The game lasted 00:17:41 (7837 turns).

Chiseanne the Fighter (Demonspawn Wanderer)         Turns: 7837, Time: 00:17:42

Health: -11/82     AC: 23    Str: 22    XL:     10   Next: 10%
Magic:  20/20      EV: 11    Int: 19    God:    Gozag
Gold:   29         SH: 17    Dex: 14    Spells: 10/11 levels left

rFire    . . .     SeeInvis .   a - +2 hand axe (flame)
rCold    . . .     Faith    .   v - +1 tower shield
rNeg     + . .     Spirit   .   E - +5 ring mail of Fashionability {-Cast Rampage rElec Str+8}
rPois    .         Reflect  .   I - +2 helmet {Int+3}
rElec    +         Harm     .   p - +1 cloak
rCorr    .         Rampage  +   K - +0 pair of gloves
Will     .....     NoCast   +   G - +2 pair of boots of Caishedgh {MP+9 Int+2}
Stlth    +.........             z - amulet of magic regeneration
HPRegen  0.23/turn              o - ring "Emyejyup" {rN+ EV+4}
MPRegen  0.42/turn              (no ring)

@: mighty
A: foul stench 3, sharp scales 1
a: Renounce Religion, Potion Petition, Call Merchant, Bribe Branch


You were on level 8 of the Dungeon.
You worshipped Gozag.
Gozag was noncommittal.
You visited 2 branches of the dungeon, and saw 10 of its levels.

You collected 1255 gold pieces.
You spent 1125 gold pieces at shops.
You paid 101 gold pieces to Gozag.

Inventory:

Hand Weapons
 a - a +2 hand axe of flaming (weapon)
 b - a +1 trident of flaming
 k - a +0 hunting sling
 w - a +0 hand crossbow
Missiles
 c - 45 bolts
 d - 60 stones
 e - 17 poisoned darts
 n - 82 sling bullets
 r - 98 arrows
Armour
 p - a +1 cloak (worn)
 v - a +1 tower shield (worn)
 E - the +5 ring mail of Fashionability (worn) {-Cast Rampage rElec Str+8}
   (You found it on level 4 of the Dungeon)

   It affects your strength (+8).
   It insulates you from electricity.
   It prevents spellcasting.
   It bestows one free step when moving towards enemies.
 G - the +2 pair of boots of Caishedgh (worn) {MP+9 Int+2}
   (You bought it in a shop on level 5 of the Dungeon)

   It affects your intelligence (+2).
   It affects your magic capacity (+9).
 I - a +2 helmet of intelligence (worn)
 K - a +0 pair of gloves (worn)
Jewellery
 o - the ring "Emyejyup" (left hand) {rN+ EV+4}
   (You bought it in a shop on level 5 of the Dungeon)

   [ring of evasion]

   It affects your evasion (+4).
   It protects you from negative energy.
 y - a ring of see invisible {unknown}
 z - an amulet of magic regeneration (around neck)
 B - a +6 ring of strength {unknown}
Wands
 f - a wand of acid (1)
 u - a wand of iceblast (10)
 A - a wand of polymorph (15)
Scrolls
 g - a scroll of fear
 j - 3 scrolls of teleportation
 l - 2 scrolls of blinking
 x - a scroll of magic mapping
Potions
 h - a potion of might
 i - 2 potions of mutation
 m - 3 potions of degeneration {unknown}
 q - a potion of brilliance {unknown}
 s - 2 potions of flight {unknown}
 t - 4 potions of curing
 C - a potion of magic
 D - a potion of attraction {unknown}
 F - a potion of haste {unknown}
 H - a potion of cancellation {unknown}
 J - 2 potions of heal wounds {unknown}


   Skills:
 * Level 8.9 Fighting
 - Level 1.0 Crossbows
 * Level 8.2 Armour
 * Level 7.0 Shields
 - Level 1.0 Spellcasting
 - Level 4.0 Summonings
 - Level 2.0 Evocations


You had 10 spell levels left.
You knew the following spells:

 Your Spells              Type           Power        Failure   Level
a - Summon Small Mammal   Summ           64%          50%         1

Your spell library contained the following spells:

 Spells                   Type           Power        Failure   Level
 Call Canine Familiar     Summ           16%          86%         3
 Confusing Touch          Hex            0%           100%        3
 Gell's Gravitas          Tloc           0%           100%        3
 Petrify                  Tmut/Erth      0%           100%        4
 Metabolic Englaciation   Hex/Ice        0%           100%        5
 Yara's Violent Unravell  Hex/Tmut       0%           100%        5


Dungeon Overview and Level Annotations

Branches:
Dungeon (9/15)             Temple (1/1) D:4
   Lair: D:8-11         Orc: D:9-12

Altars:
Ashenzari
Dithmenos
Fedhas
Gozag
Kikubaaqudgha
Nemelex Xobeh
Sif Muna
Trog
Uskayaw
Vehumet
Wu Jian
Yredelemnul
Zin
The Shining One

Shops:
D:5 *   D:8 [

Annotations:
D:3 exclusion: upstairs
D:4 3 runed translucent doors, Chiseanne's ghost, amateur SpMo; TimeIsEndless's ghost, weakling DsFi; kakkapete22's ghost, amateur OpAr; knorpule3000's ghost, novice MfTm; petermcneter's ghost, amateur DEIE
D:5 exclusion: door


Innate Abilities, Weirdness & Mutations

You frequently emit foul miasma when damaged in melee.
You are partially covered in razor-sharp scales. (AC +1, Slay +1)


Message History

The orc priest hits you but does no damage.
You block the komodo dragon's attack.
Your shield prevents you from hitting the orc priest.
You hit the bullfrog. You burn the bullfrog.
You hit the komodo dragon but do no damage.
You block the bullfrog's attack.
The orc priest calls down the wrath of Beogh upon you.
Pain shoots through your body! You block the bullfrog's attack.
The komodo dragon bites you!!
The orc priest calls down the wrath of Beogh upon you.
Pain shoots through your body! The bullfrog barely misses you.
You slash the orc priest! You burn the orc priest.
The orc priest is severely wounded.
You hit the komodo dragon but do no damage.
You hit the bullfrog. You burn the bullfrog.
The bullfrog hits you but does no damage.
The orc priest mumbles some strange prayers to Beogh against you.
Pain shoots through your body!
* * * LOW HITPOINT WARNING * * *
You block the komodo dragon's attack.
The bullfrog hits you but does no damage.
You feel very mighty all of a sudden. You block the bullfrog's attack.
You block the orc priest's attack. The komodo dragon bites you.
* * * LOW HITPOINT WARNING * * *
You closely miss the orc priest.
The orc priest is severely wounded.
You hit the komodo dragon. You burn the komodo dragon.
Your shield and ring mail of Fashionability prevent you from hitting the bullfrog.
The komodo dragon looks more healthy.
The bullfrog hits you.
* * * LOW HITPOINT WARNING * * *
You emit a cloud of foul miasma!
The bullfrog is engulfed in dark miasma.
The bullfrog is poisoned.
You block the bullfrog's attack.
The orc priest hits you but does no damage.
The bullfrog is engulfed in dark miasma.
The bullfrog looks even sicker.
The bullfrog seems to slow down.
The bullfrog barely misses you. The komodo dragon bites you!!
You die...
Your body crumbles into a pile of gold.

######## #......# #.####.#
#.#....#
######################.#.########
...............l@F...#.#.##......
################o###.#.#.##.#####
#......###.#.#.##.#
#.......##.#.#.##.#
#.......##.#.#.##.# ######
#....<..##.#.#.##.##### .....#
#.......##.#.#.##.#....
.....########......#.#.#....#.###
...........##[##..##.#.#....#.#


You could see a komodo dragon (slow), a bullfrog (very poisoned, slow) and an
orc priest.

Vanquished Creatures
  A cyclops (D:8)
  A wyvern (D:8)
  5 yaks (D:7)
  A water moccasin (D:6)
  4 orc warriors
  A sky beast (D:5)
  A necrophage (D:7)
  An ice beast (D:6)
  2 ogres
  2 centaurs
  A phantom (D:4)
  5 bullfrogs
  A water moccasin zombie (D:6)
  A scorpion (D:8)
  A water moccasin skeleton (D:8)
  5 howler monkeys
  A bullfrog zombie (D:8)
  3 hounds
  6 orc priests
  4 jellies
  7 orc wizards
  3 iguanas
  5 worker ants
  2 killer bee zombies
  Robin (D:2)
  3 gnolls (D:4)
  9 adders
  2 shadow imps
  2 white imps
  3 ufetubi
  4 oozes
  2 adder zombies
  3 adder skeletons
  4 worms
  A dart slug (D:4)
  4 leopard geckos
  32 orcs
  8 bats
  5 giant cockroaches
  14 goblins
  7 hobgoblins
  5 jackals
  6 quokkas
  6 frilled lizards
  A jackal skeleton (D:4)
  A jackal zombie (D:5)
  4 kobolds
  3 rats
194 creatures vanquished.

Vanquished Creatures (others)
  6 fungi (D:9)
  A plant (D:9)
7 creatures vanquished.

Grand Total: 201 creatures vanquished

Notes
Turn   | Place    | Note
-------+----------+-------------------------------------------
     0 | D:1      | Chiseanne the Demonspawn Wanderer began the quest for the
                  | Orb.
     0 | D:1      | Chiseanne set off with the following items: a +0 hand
                  | crossbow, a +2 scale mail, 24 bolts; and the following
                  | spell memorised: Summon Small Mammal; and the following
                  | spells available to memorise: Call Canine Familiar
     0 | D:1      | Reached XP level 1. HP: 15/15 MP: 2/2
   350 | D:2      | Gained mutation: You may rarely emit foul miasma when
                  | damaged in melee. [demonic ancestry]
   350 | D:2      | Reached XP level 2. HP: 21/21 MP: 3/3
   457 | D:2      | Found a blossoming altar of Fedhas.
   838 | D:2      | Gained mutation: You are partially covered in razor-sharp
                  | scales. (AC +1, Slay +1) [demonic ancestry]
   838 | D:2      | Reached XP level 3. HP: 26/27 MP: 4/4
   898 | D:2      | Noticed Robin
   902 | D:2      | Killed Robin
  1222 | D:3      | Reached XP level 4. HP: 34/34 MP: 5/5
  1321 | D:2      | Found a bloodstained altar of Trog.
  1321 | D:2      | Found a shadowy altar of Dithmenos.
  1324 | D:2      | Found a broken altar of Ashenzari.
  1787 | D:4      | Gained mutation: You sometimes emit foul miasma when
                  | damaged in melee. [demonic ancestry]
  1787 | D:4      | Reached XP level 5. HP: 41/41 MP: 6/6
  1913 | D:4      | Noticed a phantom
  1916 | D:4      | Found a runed translucent gate.
  1916 | D:4      | Found a runed translucent gate.
  1916 | D:4      | Found a staircase to the Ecumenical Temple.
  1916 | D:4      | Found a runed translucent gate.
  1917 | D:4      | Noticed Chiseanne's ghost (amateur SpMo)
  1917 | D:4      | Noticed petermcneter's ghost (amateur DEIE)
  1917 | D:4      | Noticed TimeIsEndless's ghost (weakling DsFi)
  1917 | D:4      | Noticed knorpule3000's ghost (novice MfTm)
  1920 | D:4      | Noticed kakkapete22's ghost (amateur OpAr)
  1927 | D:4      | Killed a phantom
  1931 | Temple   | Entered the Ecumenical Temple
  2121 | Temple   | Became a worshipper of Gozag Ym Sagoz the Greedy
  2359 | D:4      | Got a slimy ring mail
  2360 | D:4      | Identified the +5 ring mail of Fashionability {-Cast
                  | Rampage rElec Str+8} (You found it on level 4 of the
                  | Dungeon)
  2605 | D:4      | Reached XP level 6. HP: 48/48 MP: 7/7
  2822 | D:5      | Entered Level 5 of the Dungeon
  2822 | D:5      | Noticed a sky beast
  2843 | D:5      | Killed a sky beast
  2844 | D:5      | Reached skill level 1 in Shields
  3643 | D:5      | Found Jifaineg's Assorted Antiques.
  3650 | D:5      | Bought a clouded wooden ring for 120 gold pieces
  3652 | D:5      | Identified the ring "Emyejyup" {rN+ EV+4} (You bought it in
                  | a shop on level 5 of the Dungeon)
  3897 | D:5      | Gained mutation: You frequently emit foul miasma when
                  | damaged in melee. [demonic ancestry]
  3897 | D:5      | Reached XP level 7. HP: 54/55 MP: 8/8
  4066 | D:6      | Reached skill level 5 in Fighting
  4307 | D:6      | Reached skill level 5 in Armour
  4403 | D:6      | Found a glowing golden altar of the Shining One.
  4558 | D:6      | Reached XP level 8. HP: 43/64 MP: 9/9
  4677 | D:6      | Found a glowing golden altar of the Shining One.
  5847 | D:7      | Reached skill level 5 in Shields
  5848 | D:7      | Reached XP level 9. HP: 68/72 MP: 10/10
  6358 | D:5      | Bought a pair of jewelled boots for 228 gold pieces
  6359 | D:5      | Identified the +2 pair of boots of Caishedgh {MP+9 Int+2}
                  | (You bought it in a shop on level 5 of the Dungeon)
  6393 | D:5      | Bought a scroll labelled PAHICW JAH XATT for 24 gold pieces
  6393 | D:5      | Bought a scroll labelled BICWYT BOTS for 24 gold pieces
  6393 | D:5      | Bought a glowing red potion for 21 gold pieces
  6393 | D:5      | Bought a scroll labelled PAHICW JAH XATT for 24 gold pieces
  6393 | D:5      | Bought a scroll of enchant weapon for 180 gold pieces
  6393 | D:5      | Bought a potion of might for 96 gold pieces
  6948 | D:8      | Found Niovipna's Antique Armour Shoppe.
  7012 | D:8      | Bought a runed helmet for 255 gold pieces
  7473 | D:8      | Noticed a cyclops
  7482 | D:8      | Killed a cyclops
  7483 | D:8      | Reached XP level 10. HP: 82/82 MP: 11/11
  7757 | D:8      | Bought a pair of gloves for 153 gold pieces
  7837 | D:8      | Mangled by a komodo dragon

Illustrated notes

Levels and vault maps discovered:
D:1:      dpeg_arrival_rooms_c, layout_basic, minmay_cut_off
D:2:      layout_basic, nicolae_overflow_hidden_temple, fedhas_altar_3,
          general_overflow_altar, uniq_robin
D:3:      layout_rooms, old_standard_altar, chequers_serial_rivers_small_3
D:4:      layout_loops_ring, minmay_temple_entry_mini_moons,
          gammafunk_ghost_cemetery, minmay_misc_feat_ornament
D:5:      layout_layer_cave, serial_shops, shop_fountains, grunt_tough_drop
D:6:      wad_guarded_room, layout_rooms, nicolae_tso_carved_into_rock,
          kennysheep_small_circle
D:7:      layout_basic
D:8:      layout_basic, serial_shops, shop
D:9:      layout_irregular_city, grunt_lair_entry_orc_guard_hut, orc_0_dummy,
          gammafunk_ghost_stat_death
Temple:   regret_index_temple_waves

Skill      XL: |  1  2  3  4  5  6  7  8  9 10 |
---------------+-------------------------------+-----
Fighting       | 2 3 4 5 7 8 |  8.9
Armour         | 2 3 4 5 6 8 |  8.2
Shields        | 2 3 5 6 7 |  7.0
Crossbows      | |  1.0
Spellcasting   | |  1.0
Summonings     | |  4.0
Evocations     | |  2.0

Action                   |  1- 3 |  4- 6 |  7- 9 | 10-12 || total
-------------------------+-------+-------+-------+-------++-------
Melee: Spear             |       |    58 |       |       ||    58
       Trident           |       |   108 |   249 |       ||   357
       Hand axe          |       |       |   123 |    39 ||   162
 Fire: Hand crossbow     |   103 |    26 |       |       ||   129
Evoke: Wand              |       |       |     5 |       ||     5
  Use: Scroll            |       |    11 |     9 |       ||    20
       Potion            |       |       |     1 |     1 ||     2
 Stab: Distracted        |       |       |     2 |     1 ||     3
Armor: Scale mail        |    35 |     5 |       |       ||    40
       Ring mail         |       |    97 |   164 |    25 ||   286
Dodge: Dodged            |    29 |    62 |   130 |    19 ||   240
Block: Tower shield      |       |    90 |   353 |    45 ||   488

Table legend: (Time is in decaauts)
 A = Elapsed time spent in this place.
 B = Non-inter-level travel time spent in this place.
 C = Inter-level travel time spent in this place.
 D = Time resting spent in this place.
 E = Time spent auto-exploring this place.
 F = Levels seen in this place.
 G = Mean time per level.
                   A        B        C        D        E       F      G
               +--------+--------+--------+--------+--------+-----+--------+
         Total |   8279 |   7917 |    362 |   1399 |   4456 |  10 |  827.9 |
       Dungeon |   8065 |   7726 |    339 |   1399 |   4266 |   9 |  896.1 |
        Temple |    214 |    192 |     22 |      0 |    189 |   1 |  214.0 |
               +--------+--------+--------+--------+--------+-----+--------+

Top non-repeatable levels by time:
     D:7: 1388 daAuts
     D:5: 1382 daAuts
     D:8: 1372 daAuts
     D:6: 1215 daAuts
     D:4: 862 daAuts
     D:3: 674 daAuts
     D:2: 635 daAuts
     D:1: 522 daAuts
  Temple: 214 daAuts
     D:9: 12 daAuts
